| TOP OF THE 1ST |
|
Evansville Triplets batting - Pitching for Wichita Aeros : RHP Richard Waller
|
|
Pitching: RHP Richard Waller
|
|
|
Batting: LHB Kevin Christensen
|
0-0: Fly out, F7 (Flyball, 78M, EV 90.6 MPH)
|
|
Batting: LHB Bruce Boisclair
|
0-0: Called Strike 0-1: Ball 1-1: DOUBLE (Line Drive, 78XD, EV 101.3 MPH)
|
|
Batting: LHB Lloyd Moseby
|
0-0: Called Strike 0-1: Ball 1-1: SINGLE (Line Drive, 7S, EV 98.1 MPH) Bruce Boisclair to third Runner from 3rd tries for Home, SAFE, no throw by LF
|
|
Batting: RHB Ron Kittle
|
0-0: Ball Lloyd Moseby is caught stealing 2nd base 2-4 1-0: Foul Ball, location: 2F 1-1: Swinging Strike 1-2: Hit by Pitch
|
|
Batting: SHB Tony Bernazard
|
0-0: Swinging Strike 0-1: Ball 1-1: Ball 2-1: Foul Ball, location: 2F 2-2: Ball 3-2: Foul Ball, location: 2F 3-2: Ground out 4-3 (Groundball, 4, EV 99.4 MPH)
|
| Top of the 1st over - 1 run, 2 hits, 0 errors, 1 left on base; Evansville 1 - Wichita 0 |
| BOTTOM OF THE 1ST |
|
Wichita Aeros batting - Pitching for Evansville Triplets : RHP Randy Pitts
|
|
Pitching: RHP Randy Pitts
|
|
|
Batting: RHB Jordan Ventura
|
0-0: Ball 1-0: Swinging Strike 1-1: Ground out 5-3 (Groundball, 5, EV 83.1 MPH)
|
|
Batting: RHB Henry Torres
|
0-0: Foul Ball, location: 2F 0-1: Foul Ball, location: 2F 0-2: Fly out, F7 (Flyball, 78M, EV 93.1 MPH)
|
|
Batting: RHB Greg Cypret
|
0-0: Called Strike 0-1: Ball 1-1: Ball 2-1: Ground out 6-3 (Groundball, 6S, EV 71.3 MPH)
|
| Bottom of the 1st over - 0 runs, 0 hits, 0 errors, 0 left on base; Evansville 1 - Wichita 0 |
| TOP OF THE 2ND |
|
Evansville Triplets batting - Pitching for Wichita Aeros : RHP Richard Waller
|
|
Batting: LHB Luis Alfaro
|
0-0: Ball 1-0: Ball 2-0: Called Strike 2-1: Reached on error, E2 (Groundball, 2R, EV 71.3 MPH)
|
|
Batting: RHB Reginald Coleman
|
0-0: Called Strike 0-1: Ball 1-1: Ball 2-1: Foul Ball, location: 2F 2-2: Strikes out swinging
|
|
Batting: RHB Tom Veryzer
|
0-0: Called Strike 0-1: Called Strike 0-2: Foul Ball, location: 2F 0-2: Ball 1-2: SINGLE (Line Drive, 7S, EV 86.3 MPH) Luis Alfaro to second
|
|
Batting: LHB Jay Longman
|
0-0: Fielders Choice at 2nd, 5-4 (Groundball, 56S, EV 88.1 MPH) Luis Alfaro to third
|
|
Batting: LHB Kevin Christensen
|
0-0: Ball 1-0: Swinging Strike 1-1: Ball 2-1: Foul Ball, location: 2F 2-2: Ball 3-2: Ground out 6-3 (Groundball, 6, EV 86.9 MPH)
|
| Top of the 2nd over - 0 runs, 1 hit, 1 error, 2 left on base; Evansville 1 - Wichita 0 |
| BOTTOM OF THE 2ND |
|
Wichita Aeros batting - Pitching for Evansville Triplets : RHP Randy Pitts
|
|
Batting: LHB Glenn Gulliver
|
0-0: Ball 1-0: Swinging Strike 1-1: Ball 2-1: Ground out 5-3 (Groundball, 56, EV 85.0 MPH)
|
|
Batting: LHB Michael Barnes
|
0-0: Called Strike 0-1: Ball 1-1: Ball 2-1: Foul Ball, location: 2F 2-2: Fly out, F3 (Popup, 3SF, EV 72.5 MPH)
|
|
Batting: RHB Dave Hoenstine
|
0-0: Called Strike 0-1: Ball 1-1: Ball 2-1: Ball 3-1: Foul Ball, location: 2F 3-2: Base on Balls
|
|
Batting: RHB Gary House
|
0-0: Foul Ball, location: 2F 0-1: Ball 1-1: Foul Ball, location: 2F 1-2: Ball 2-2: Foul Ball, location: 2F 2-2: Ball 3-2: Foul Ball, location: 2F 3-2: Fly out, F5 (Popup, 5SF, EV 73.1 MPH)
|
| Bottom of the 2nd over - 0 runs, 0 hits, 0 errors, 1 left on base; Evansville 1 - Wichita 0 |
| TOP OF THE 3RD |
|
Evansville Triplets batting - Pitching for Wichita Aeros : RHP Richard Waller
|
|
Batting: LHB Bruce Boisclair
|
0-0: Called Strike 0-1: SOLO HOME RUN (Flyball, 89XD, EV 101.9 MPH), Distance : 440 ft
|
|
Batting: LHB Lloyd Moseby
|
0-0: SOLO HOME RUN (Flyball, 89XD, EV 102.5 MPH), Distance : 422 ft
|
|
Batting: RHB Ron Kittle
|
0-0: Ball 1-0: Called Strike 1-1: Swinging Strike 1-2: Ball 2-2: Foul Ball, location: 2F 2-2: Fly out, F7 (Flyball, 7, EV 92.5 MPH)
|
|
Batting: SHB Tony Bernazard
|
0-0: Swinging Strike 0-1: Fly out, F8 (Flyball, 8LM, EV 92.5 MPH)
|
|
Batting: LHB Luis Alfaro
|
0-0: Ball 1-0: Fly out, F7 (Line Drive, 7D, EV 109.4 MPH)
|
| Top of the 3rd over - 2 runs, 2 hits, 0 errors, 0 left on base; Evansville 3 - Wichita 0 |
| BOTTOM OF THE 3RD |
|
Wichita Aeros batting - Pitching for Evansville Triplets : RHP Randy Pitts
|
|
Batting: RHB Tom Dodd
|
0-0: Foul Ball, location: 2F 0-1: Bunted foul 0-2: Ball 1-2: Foul Ball, location: 2F 1-2: Foul Ball, location: 2F 1-2: Strikes out swinging
|
|
Batting: RHB Kiko Garcia
|
0-0: Ball 1-0: Ground out 4-3 (Groundball, 4, EV 89.4 MPH)
|
|
Batting: RHB Jordan Ventura
|
0-0: Called Strike 0-1: Swinging Strike 0-2: Strikes out swinging
|
| Bottom of the 3rd over - 0 runs, 0 hits, 0 errors, 0 left on base; Evansville 3 - Wichita 0 |
| TOP OF THE 4TH |
|
Evansville Triplets batting - Pitching for Wichita Aeros : RHP Richard Waller
|
|
Now in RF: Ken Bolek
|
|
|
Batting: RHB Reginald Coleman
|
0-0: Ball 1-0: Foul Ball, location: 2F 1-1: Foul Ball, location: 2F 1-2: Ball 2-2: Strikes out looking
|
|
Batting: RHB Tom Veryzer
|
0-0: Swinging Strike 0-1: Ball 1-1: Ground out 1-3 (Groundball, 13S, EV 61.9 MPH)
|
|
Batting: LHB Jay Longman
|
0-0: Ball 1-0: Ball 2-0: Called Strike 2-1: Foul Ball, location: 2F 2-2: Ground out 1-3 (Groundball, P, EV 81.3 MPH)
|
| Top of the 4th over - 0 runs, 0 hits, 0 errors, 0 left on base; Evansville 3 - Wichita 0 |
| BOTTOM OF THE 4TH |
|
Wichita Aeros batting - Pitching for Evansville Triplets : RHP Randy Pitts
|
|
Batting: RHB Henry Torres
|
0-0: Called Strike 0-1: Called Strike 0-2: Strikes out swinging
|
|
Batting: RHB Greg Cypret
|
0-0: Called Strike 0-1: Ball 1-1: Fly out, F8 (Flyball, 78D, EV 100.0 MPH)
|
|
Batting: LHB Glenn Gulliver
|
0-0: Ball 1-0: Foul Ball, location: 2F 1-1: Reached on error, E2 (Groundball, 2L, EV 67.5 MPH)
|
|
Batting: LHB Michael Barnes
|
0-0: Called Strike 0-1: Ball 1-1: Called Strike 1-2: Ball 2-2: Ball 3-2: Foul Ball, location: 2F 3-2: Foul Ball, location: 2F 3-2: Fly out, F7 (Flyball, 7S, EV 85.0 MPH)
|
| Bottom of the 4th over - 0 runs, 0 hits, 1 error, 1 left on base; Evansville 3 - Wichita 0 |
| TOP OF THE 5TH |
|
Evansville Triplets batting - Pitching for Wichita Aeros : RHP Richard Waller
|
|
Batting: LHB Kevin Christensen
|
0-0: Ball 1-0: Fly out, F5 (Popup, 5, EV 56.3 MPH)
|
|
Batting: LHB Bruce Boisclair
|
0-0: Called Strike 0-1: Foul Ball, location: 2F 0-2: Strikes out looking
|
|
Batting: LHB Lloyd Moseby
|
0-0: Called Strike 0-1: Swinging Strike 0-2: Ball 1-2: Ball 2-2: Ground out 5-3 (Groundball, 56, EV 91.9 MPH)
|
| Top of the 5th over - 0 runs, 0 hits, 0 errors, 0 left on base; Evansville 3 - Wichita 0 |
| BOTTOM OF THE 5TH |
|
Wichita Aeros batting - Pitching for Evansville Triplets : RHP Randy Pitts
|
|
Batting: RHB Dave Hoenstine
|
0-0: Ball 1-0: Called Strike 1-1: Swinging Strike 1-2: Ball 2-2: Ball 3-2: Foul Ball, location: 2F 3-2: Base on Balls
|
|
Batting: LHB Ken Bolek
|
0-0: Ball 1-0: Called Strike 1-1: Ball 2-1: Foul Ball, location: 2F 2-2: Foul Ball, location: 2F 2-2: Strikes out swinging
|
|
Batting: RHB Tom Dodd
|
0-0: Ball 1-0: Ball 2-0: Foul Ball, location: 2F 2-1: 2-RUN HOME RUN (Flyball, 7D, EV 101.9 MPH), Distance : 382 ft
|
|
Batting: RHB Kiko Garcia
|
0-0: Ball 1-0: Ball 2-0: Ball 3-0: Called Strike 3-1: Base on Balls
|
|
Batting: RHB Jordan Ventura
|
0-0: Called Strike 0-1: Fly out, F3 (Popup, 3SF, EV 70.0 MPH)
|
|
Batting: RHB Henry Torres
|
0-0: Called Strike Kiko Garcia steals 2nd base 0-1: Foul Ball, location: 2F 0-2: Ball 1-2: SINGLE (Line Drive, 8RS, EV 105.0 MPH) Kiko Garcia to third Runner from 3rd tries for Home, SAFE, no throw by CF
|
|
Batting: RHB Greg Cypret
|
0-0: Ball 1-0: Swinging Strike 1-1: SINGLE (Groundball, 56D, EV 105.0 MPH) Henry Torres to second
|
|
Batting: LHB Glenn Gulliver
|
0-0: Foul Ball, location: 2F 0-1: Called Strike 0-2: Ball 1-2: Ball 2-2: Foul Ball, location: 2F 2-2: Foul Ball, location: 2F 2-2: Ball 3-2: Ground out U3 (Groundball, 34S, EV 91.3 MPH)
|
| Bottom of the 5th over - 3 runs, 3 hits, 0 errors, 2 left on base; Evansville 3 - Wichita 3 |
| TOP OF THE 6TH |
|
Evansville Triplets batting - Pitching for Wichita Aeros : RHP Richard Waller
|
|
Batting: RHB Ron Kittle
|
0-0: Called Strike 0-1: Ball 1-1: Ground out 5-3 (Groundball, 56S, EV 70.6 MPH)
|
|
Batting: SHB Tony Bernazard
|
0-0: Called Strike 0-1: Fly out, F4 (Popup, 13, EV 78.8 MPH)
|
|
Batting: LHB Luis Alfaro
|
0-0: Ball 1-0: Ball 2-0: Ball 3-0: Base on Balls
|
|
Batting: RHB Reginald Coleman
|
0-0: Called Strike Luis Alfaro steals 2nd base 0-1: Ball 1-1: Intentional Walk
|
|
Batting: RHB Tom Veryzer
|
0-0: Ball 1-0: Ball 2-0: Ball 3-0: Called Strike 3-1: Ground out 3-1 (Groundball, 34S, EV 67.5 MPH)
|
| Top of the 6th over - 0 runs, 0 hits, 0 errors, 2 left on base; Evansville 3 - Wichita 3 |
| BOTTOM OF THE 6TH |
|
Wichita Aeros batting - Pitching for Evansville Triplets : RHP Randy Pitts
|
|
Pitching: RHP Rick Lysander
|
|
|
Batting: LHB Michael Barnes
|
0-0: Ball 1-0: Ball 2-0: Ball 3-0: Called Strike 3-1: Base on Balls
|
|
Batting: RHB Dave Hoenstine
|
0-0: Bunt missed! 0-1: Sac Bunt to 15 - play at first, batter OUT! 1-4 Michael Barnes to second
|
|
Batting: LHB Ken Bolek
|
0-0: Ball 1-0: Fly out, F9 (Flyball, 9S, EV 90.0 MPH)
|
|
Batting: RHB Tom Dodd
|
0-0: Ball 1-0: Fly out, F4 (Popup, 3S, EV 78.1 MPH)
|
| Bottom of the 6th over - 0 runs, 0 hits, 0 errors, 1 left on base; Evansville 3 - Wichita 3 |
| TOP OF THE 7TH |
|
Evansville Triplets batting - Pitching for Wichita Aeros : RHP Richard Waller
|
|
Batting: LHB Jay Longman
|
0-0: Called Strike 0-1: Ball 1-1: Ground out 1-3 (Groundball, 13, EV 88.1 MPH)
|
|
Batting: LHB Kevin Christensen
|
0-0: Ball 1-0: Ball 2-0: Foul Ball, location: 2F 2-1: Swinging Strike 2-2: Foul Ball, location: 2F 2-2: Fly out, F8 (Flyball, 78S, EV 73.8 MPH)
|
|
Batting: LHB Bruce Boisclair
|
0-0: Ball 1-0: Called Strike 1-1: SINGLE (Groundball, 15S, EV 71.3 MPH) (infield hit)
|
|
Batting: LHB Lloyd Moseby
|
0-0: Called Strike 0-1: Foul Ball, location: 2F 0-2: Ball 1-2: Foul Ball, location: 2F 1-2: Strikes out swinging
|
| Top of the 7th over - 0 runs, 1 hit, 0 errors, 1 left on base; Evansville 3 - Wichita 3 |
| BOTTOM OF THE 7TH |
|
Wichita Aeros batting - Pitching for Evansville Triplets : RHP Rick Lysander
|
|
Batting: RHB Kiko Garcia
|
0-0: Ball 1-0: Fly out, F5 (Line Drive, 5, EV 60.0 MPH)
|
|
Batting: RHB Jordan Ventura
|
0-0: Called Strike 0-1: Ball 1-1: SINGLE (Flyball, 9S, EV 88.1 MPH)
|
|
Batting: RHB Henry Torres
|
0-0: Ball 1-0: Fly out, F4 (Flyball, 34D, EV 93.8 MPH)
|
|
Batting: RHB Greg Cypret
|
0-0: Called Strike Jordan Ventura steals 2nd base 0-1: Ball 1-1: Ground out 6-3 (Groundball, 6S, EV 83.1 MPH)
|
| Bottom of the 7th over - 0 runs, 1 hit, 0 errors, 1 left on base; Evansville 3 - Wichita 3 |
| TOP OF THE 8TH |
|
Evansville Triplets batting - Pitching for Wichita Aeros : RHP Richard Waller
|
|
Batting: RHB Ron Kittle
|
0-0: Called Strike 0-1: SOLO HOME RUN (Flyball, 78XD, EV 113.1 MPH), Distance : 415 ft
|
|
Batting: SHB Tony Bernazard
|
0-0: Ball 1-0: Ball 2-0: Ball 3-0: Called Strike 3-1: Called Strike 3-2: DOUBLE (Flyball, 8RXD, EV 93.1 MPH)
|
|
Batting: LHB Luis Alfaro
|
0-0: Intentional Walk
|
|
Batting: RHB Reginald Coleman
|
0-0: Reached on error, E6 (Groundball, 6, EV 85.6 MPH) Tony Bernazard to third Luis Alfaro to second
|
|
Batting: RHB Tom Veryzer
|
0-0: Fly out, F7 (Flyball, 7S, EV 86.3 MPH)
|
|
Batting: LHB Jay Longman
|
0-0: Called Strike 0-1: Swinging Strike 0-2: Ball 1-2: Ball 2-2: Ball 3-2: Base on Balls Tony Bernazard scores Luis Alfaro to third Reginald Coleman to second
|
|
Pitching: RHP Joey McLaughlin
|
|
|
Batting: LHB Kevin Christensen
|
0-0: Called Strike 0-1: SINGLE (Groundball, 13S, EV 64.4 MPH) (infield hit) Luis Alfaro scores Reginald Coleman to third Jay Longman to second
|
|
Batting: LHB Bruce Boisclair
|
0-0: Ball 1-0: Ball 2-0: Ball 3-0: Base on Balls Reginald Coleman scores Jay Longman to third Kevin Christensen to second
|
|
Batting: LHB Lloyd Moseby
|
0-0: Fly out, F8 (Line Drive, 8RD, EV 100.0 MPH) Runner from 3rd tags up, SCORES, no throw by CF
|
|
Batting: RHB Ron Kittle
|
0-0: Reached on error, E1 (Groundball, 15, EV 81.3 MPH) Kevin Christensen to third Bruce Boisclair to second
|
|
Batting: SHB Tony Bernazard
|
0-0: Ground out U3 (Groundball, 3S, EV 89.4 MPH)
|
| Top of the 8th over - 5 runs, 3 hits, 2 errors, 3 left on base; Evansville 8 - Wichita 3 |
| BOTTOM OF THE 8TH |
|
Wichita Aeros batting - Pitching for Evansville Triplets : RHP Rick Lysander
|
|
Batting: LHB Glenn Gulliver
|
0-0: Ball 1-0: SINGLE (Groundball, 4MD, EV 100.6 MPH)
|
|
Batting: LHB Michael Barnes
|
0-0: Called Strike 0-1: Ball 1-1: Ball 2-1: Swinging Strike 2-2: Ball 3-2: Ground out 6-3 (Groundball, 6S, EV 80.6 MPH) Glenn Gulliver to second
|
|
Batting: RHB Dave Hoenstine
|
0-0: Swinging Strike 0-1: Ball 1-1: Ball 2-1: Swinging Strike 2-2: Foul Ball, location: 2F 2-2: Ball Wild Pitch! Glenn Gulliver to third 3-2: Fly out, F8 (Flyball, 8LD, EV 104.4 MPH) Runner from 3rd tags up, SCORES, throw by CF
|
|
Batting: LHB Ken Bolek
|
0-0: Ball 1-0: Foul Ball, location: 2F 1-1: Ball 2-1: Foul Ball, location: 2F 2-2: Ball 3-2: Fly out, F4 (Popup, 4M, EV 52.5 MPH)
|
| Bottom of the 8th over - 1 run, 1 hit, 0 errors, 0 left on base; Evansville 8 - Wichita 4 |
| TOP OF THE 9TH |
|
Evansville Triplets batting - Pitching for Wichita Aeros : RHP Joey McLaughlin
|
|
Batting: LHB Luis Alfaro
|
0-0: Ball 1-0: Called Strike 1-1: Ball 2-1: Foul Ball, location: 2F 2-2: Ground out U3 (Groundball, 3S, EV 85.0 MPH)
|
|
Batting: RHB Reginald Coleman
|
0-0: Swinging Strike 0-1: Foul Ball, location: 2F 0-2: Ball 1-2: DOUBLE (Line Drive, 3D, EV 105.6 MPH)
|
|
Batting: RHB Tom Veryzer
|
0-0: Intentional Walk
|
|
Batting: LHB Jay Longman
|
0-0: Ball 1-0: Fielders Choice at 2nd, 4-6 (Groundball, 4, EV 85.0 MPH) Reginald Coleman to third
|
|
Batting: LHB Kevin Christensen
|
0-0: Ball 1-0: Called Strike 1-1: Swinging Strike 1-2: Ball 2-2: Ball Jay Longman steals 2nd base 3-2: Intentional Walk
|
|
Batting: LHB Bruce Boisclair
|
0-0: Ball 1-0: Called Strike 1-1: Foul Ball, location: 2F 1-2: Foul Ball, location: 2F 1-2: SINGLE (Line Drive, 34, EV 96.3 MPH) Reginald Coleman scores Jay Longman to third Kevin Christensen to second Runner from 3rd tries for Home, SAFE, no throw by RF
|
|
Batting: LHB Lloyd Moseby
|
0-0: 3-RUN HOME RUN (Flyball, 9D, EV 104.4 MPH), Distance : 373 ft
|
|
Pitching: LHP Shane Rawley
|
|
|
Pinch Hitting: RHB Reggie Baldwin
|
0-0: Foul Ball, location: 2F 0-1: Ball 1-1: Fly out, F7 (Flyball, 7, EV 91.3 MPH)
|
| Top of the 9th over - 5 runs, 3 hits, 0 errors, 0 left on base; Evansville 13 - Wichita 4 |
| BOTTOM OF THE 9TH |
|
Wichita Aeros batting - Pitching for Evansville Triplets : RHP Rick Lysander
|
|
Pitching: RHP Steve Mura
|
|
|
Now at C: Reggie Baldwin
|
|
|
Batting: RHB Tom Dodd
|
0-0: Ball 1-0: Fly out, F9 (Flyball, 9LM, EV 91.9 MPH)
|
|
Batting: RHB Kiko Garcia
|
0-0: Called Strike 0-1: Called Strike 0-2: Ball 1-2: SINGLE (Line Drive, 4MD, EV 99.4 MPH)
|
|
Batting: RHB Jordan Ventura
|
0-0: Ball 1-0: Fielders Choice at 2nd, 1-6 (Groundball, 13, EV 88.1 MPH)
|
|
Batting: RHB Henry Torres
|
0-0: Called Strike 0-1: Ball 1-1: Foul Ball, location: 2F 1-2: Ground out 4-3 (Groundball, 4, EV 85.0 MPH)
|
| Bottom of the 9th over - 0 runs, 1 hit, 0 errors, 1 left on base; Evansville 13 - Wichita 4 |
|